 Dungeon Crawl Stone Soup version 0.27-a0-972-gd1521fd518 (webtiles) character file.

Game seed: 13148749408984560541

85208 Glokmah the Fighter (level 15, -1/118 HPs)
             Began as a Djinni Conjurer on Apr 14, 2021.
             Was the Champion of Makhleb.
             Slain by a freezing wraith (6 damage)
             ... led by a death knight
             ... on level 12 of the Dungeon.
             The game lasted 01:20:40 (20921 turns).

Glokmah the Fighter (Djinni Conjurer)              Turns: 20921, Time: 01:20:40

Health: -1/118     AC: 14    Str:  6    XL:     15   Next: 83%
Gold:   1416       EV: 14    Int: 26    God:    Makhleb [******] SH:  5 Dex: 12

rFire    + + .     SeeInvis .   J - staff of conjuration
rCold    x . .     Faith    +   N - +0 buckler
rNeg     . . .     Spirit   .   d - +5 leather armour of the Valley of Death {Fly rElec rPois Regen+}
rPois    ∞         Reflect  .   m - +2 helmet
rElec    +         Harm     .   X - scarf {+Inv}
rCorr    .         Rampage  .   s - +2 pair of gloves
Will     +++..                  (boots unavailable)
Stlth    +.........             j - amulet of faith
HPRegen  1.29/turn              W - ring of willpower
MPRegen  0.00/turn              P - ring of willpower

@: flying, very slightly contaminated, slowed, studying Evocations, very slow
A: fire resistance 2, cold vulnerability 1, float, innate caster, hp casting,
extra vitality 1
a: Renounce Religion, Evoke Invisibility, Minor Destruction, Lesser Servant of
Makhleb, Major Destruction, Greater Servant of Makhleb


You were on level 12 of the Dungeon.
You worshipped Makhleb.
Makhleb was exalted by your worship.
You visited 4 branches of the dungeon, and saw 21 of its levels.

You collected 2040 gold pieces.
You spent 624 gold pieces at shops.

Inventory:

Hand Weapons
 E - the +1 dagger "Wuantusm" {vorpal, *Noise rElec rPois}
   (You found it on level 5 of the Dungeon)

   It inflicts extra damage upon your enemies.
   It insulates you from electricity.
   It protects you from poison.
   It may make noises in combat.
 M - the +7 short sword "Laith" {antimagic, Str+6 Int-2 Dex-3 Stlth+}
   (You found it on level 10 of the Dungeon)

   It reduces the magical energy of the wielder, and disrupts the spells and
   magical abilities of those hit.
   Natural abilities and divine invocations are not affected.
   It affects your strength (+6).
   It affects your intelligence (-2).
   It affects your dexterity (-3).
   It makes you more stealthy.
Missiles
 k - 78 poisoned darts
 v - 2 throwing nets
 x - 5 boomerangs of dispersal
 V - 6 silver boomerangs
Armour
 d - the +5 leather armour of the Valley of Death (worn) {Fly rElec rPois Regen+}
   (You found it on level 7 of the Dungeon)

   It insulates you from electricity.
   It protects you from poison.
   It grants you flight.
   It increases your rate of health regeneration.
 m - a +2 helmet (worn)
 n - a scarf of shadows
 s - a +2 pair of gloves (worn)
 N - a +0 buckler (worn)
 X - a scarf of invisibility (worn)
Magical Staves
 l - a staff of fire
 J - a staff of conjuration (weapon)
Jewellery
 a - a ring of resist corrosion
 j - an amulet of faith (around neck)
 t - an amulet of reflection
 H - a ring of see invisible
 P - a ring of willpower (right hand)
 W - a ring of willpower (left hand)
Wands
 D - a wand of paralysis (29)
 I - a wand of iceblast (29)
 T - a wand of mindburst (14)
 U - a wand of flame (8)
Scrolls
 b - 3 scrolls of blinking
 c - a scroll of holy word
 f - 3 scrolls of fear
 g - a scroll of teleportation
 p - 3 scrolls of vulnerability
 q - 4 scrolls of noise
 r - a scroll of silence
 w - a scroll of enchant armour
 y - 4 scrolls of enchant weapon
 G - 2 scrolls of identify
 L - a scroll of summoning
 Q - a scroll of fog
 R - a scroll of torment
 S - a scroll of brand weapon
 Z - a scroll of magic mapping
Potions
 e - 4 potions of mutation
 h - 4 potions of heal wounds
 o - 7 potions of haste
 u - 5 potions of berserk rage
 z - 3 potions of attraction
 A - 10 potions of curing
 B - 3 potions of brilliance
 C - 3 potions of might
 F - a potion of invisibility
 K - a potion of cancellation
 Y - 3 potions of ambrosia
Miscellaneous
 i - a piece from Xom's chessboard (15/15)
 O - a phial of floods


   Skills:
 * Level 14.5 Fighting
 - Level 3.0 Armour
 + Level 8.1 Dodging
 - Level 1.5 Stealth
 - Level 4.0 Shields
 * Level 12.9 Spellcasting
 * Level 13.2 Invocations
 + Level 12.3 Evocations


You had one spell level left.
You knew the following spells:

 Your Spells              Type           Power      Damage    Failure   Level
a - Iron Shot             Conj/Erth      45%        9d9       3%          6
b - Searing Ray           Conj           100%       3d7       1%          2
c - Dazzling Flash        Conj/Hex       100%       N/A       1%          3
d - Fulminant Prism       Conj/Hex       45%        3d21      1%          4
e - Iskenderun's Mystic   Conj/Tloc      90%        2d18      1%          4
f - Summon Ice Beast      Ice/Summ       71%        N/A       1%          4
g - Gell's Gravitas       Tloc           35%        N/A       1%          3
h - Magic Dart            Conj           100%       1d8       1%          1
i - Mephitic Cloud        Conj/Pois/Air  90%        N/A       1%          3
j - Beastly Appendage     Tmut           100%       N/A       1%          1
k - Agony                 Necr           71%        N/A       1%          5
l - Slow                  Hex            71%        N/A       1%          2
Your spell library was empty.

Dungeon Overview and Level Annotations

Branches:
Dungeon (12/15)            Temple (1/1) D:4            Lair (6/6) D:9
  Swamp (0/4) Lair:4        Snake (0/4) Lair:4        Slime (0/5) Lair:5
    Orc (2/2) D:9             Elf (0/3) Orc:2

Altars:
Ashenzari
Cheibriados
Dithmenos
Elyvilon
Fedhas
Gozag
Hepliaklqana
Kikubaaqudgha
Makhleb
Nemelex Xobeh
Okawaru
Qazlal
Ru
Sif Muna
Trog
Uskayaw
Vehumet
Wu Jian
Xom
Yredelemnul
Zin
The Shining One
Jiyva

Shops:
D:5 (   Orc:2 ?(*!


Innate Abilities, Weirdness & Mutations

You are immune to poison.
Your flesh is very heat resistant. (rF++)
You are vulnerable to cold. (rC-)
You float through the air rather than walking.
You learn spells naturally, not from books.
Your magical power is your life essence.
You have superior vitality. (+4 HP)


Message History

The mystic blast hits the freezing wraith!!
The freezing wraith is heavily damaged.
The freezing wraith is knocked back by the mystic blast.
A nearby plant withers and dies. x2; The centaur warrior hits the plant.
The centaur warrior completely misses the plant.
You block the centaur warrior's attack. The centaur warrior closely misses you.
The centaur warrior hits the plant.
The centaur warrior kicks the plant.
The freezing wraith barely misses you.
The freezing wraith completely misses you.
The centaur warrior hits you. The centaur warrior kicks you.
Casting: Iskenderun's Mystic Blast (safe; 1% risk of failure)
Confirm with . or Enter, or press ? or * to list all spells.
Aiming: Fulminant Prism (safe; 1% risk of failure)
Press: ? - help, Dir - move target, p - freezing wraith You feel a surge of power!
You conjure a prism of explosive energy!
A fulminant prism comes into view.
A nearby plant withers and dies.
The centaur warrior misses you. The centaur warrior kicks you.
The freezing wraith hits you but does no damage.
The freezing wraith hits you!
A two-headed ogre comes into view.
It is wielding a +0 giant spiked club and a +0 giant club.
The centaur warrior hits you.
* * * LOW HITPOINT WARNING * * *
You block the centaur warrior's attack. You block the freezing wraith's attack.
The freezing wraith closely misses you. The freezing wraith hits you.
* * * LOW HITPOINT WARNING * * *
The freezing wraith freezes you!
You feel a terrible chill!
* * * LOW HITPOINT WARNING * * *
The freezing wraith barely misses you.
You feel much better. The centaur warrior hits you.
* * * LOW HITPOINT WARNING * * *
The centaur warrior kicks you.
* * * LOW HITPOINT WARNING * * *
The freezing wraith hits you.
* * * LOW HITPOINT WARNING * * *
The freezing wraith freezes you!!
You feel a terrible chill!
* * * LOW HITPOINT WARNING * * *
The freezing wraith hits you.
You die...

..♣
#....♣.♣.♣♣.♣....#
#.....
###.....♣♣♣.♣§..♣.♣#
#..♣..
.........♣♣♣§♣.♣♣♣♣
# ....
P...###..♣.♣§.♣♣ .
.... .⌠. #.P.♣..♣♣
.. ... .. # #...P♣♣♣
#.. ..$.#'#.....♣
#♣.P .P..O*.c..♣♣P.♣
......OW@♣♣ ♣P..
P....#.W.♣ ..♣
....#....♣ ♣♣
...#...♣♣P .}.....
c. #...... .. ....♣P
..8 ...♣ ...


You could see 2 centaur warriors, 2 two-headed ogres, 2 freezing wraiths and a
friendly fulminant prism.

Vanquished Creatures
  Saint Roka (Orc:2)
  An orc warlord (Orc:2)
  7 hydras
  A boulder beetle (Lair:6)
  3 catoblepae (Lair:6)
  6 two-headed ogres
  A death knight (D:12)
  Erica (D:10)
  13 death yaks
  Urug (Lair:2)
  Nergalle (D:10)
  An orc high priest (Orc:2)
  Pikel (D:8)
  A phantasmal warrior (D:12)
  8 orc sorcerers
  An ugly thing (D:12)
  A cyclops (D:12)
  2 oklob plants
  3 manticores
  21 elephants
  3 black mambas
  2 torpor snails (Lair:3)
  19 cane toads
  A rime drake (Lair:6)
  6 komodo dragons
  4 polar bears
  3 trolls
  13 blink frogs
  13 dream sheep
  3 wyverns
  A shadow (D:9)
  A spriggan (Lair:2)
  2 wraiths (D:11)
  66 yaks
  8 humans (D:7)
  Grum (D:8)
  10 basilisks
  2 steam dragons
  6 vampire mosquitoes
  A warg (Orc:2)
  Edmund (D:7)
  2 acid dragons (D:9)
  24 orc warriors
  3 sky beasts
  4 hornet zombies
  13 water moccasins
  Purgy (D:3)
  2 necrophages (D:5)
  2 black bears
  An ice beast (D:6)
  7 ogres
  34 wolves
  15 centaurs
  3 kobold brigands
  17 bullfrogs
  A gnoll sergeant (D:9)
  3 scorpions
  A water moccasin zombie (D:5)
  11 killer bees
  4 wights (D:8)
  A howler monkey (D:9)
  4 electric eels
  7 hounds
  2 jellies
  3 gnoll shamans
  30 orc priests
  3 centaur zombies
  2 centaur skeletons
  Jessica (D:3)
  4 iguanas
  30 orc wizards
  3 bullfrog skeletons
  2 hell rats (D:12)
  A killer bee zombie (D:7)
  A howler monkey zombie (D:8)
  26 gnolls
  A howler monkey skeleton (D:5)
  14 adders
  A shadow imp (D:7)
  A white imp (D:8)
  An ufetubus (D:5)
  An adder skeleton (D:4)
  2 worms
  3 dart slugs
  50 orcs
  5 endoplasms
  4 giant cockroaches
  11 hobgoblins
  9 jackals
  11 kobolds
  2 quokkas
  3 ball pythons
  5 bats
  5 frilled lizards
  6 goblins
  7 rats
  2 fulminant prisms
653 creatures vanquished.

Vanquished Creatures (collateral kills)
  A death yak (Lair:6)
  A yak (Lair:6)
2 creatures vanquished.

Vanquished Creatures (others)
  132 fulminant prisms
  67 fungi
  142 plants
341 creatures vanquished.

Grand Total: 996 creatures vanquished

Notes
Turn   | Place    | Note
-------+----------+-------------------------------------------
     0 | D:1      | Glokmah the Djinni Conjurer began the quest for the Orb.
     0 | D:1      | Reached XP level 1. HP: 15/15 MP: 0/0
   358 | D:1      | Reached XP level 2. HP: 19/22 MP: 0/0
   484 | D:1      | Reached skill level 1 in Fighting
   702 | D:1      | Found a faded altar of an unknown god.
   935 | D:1      | Reached XP level 3. HP: 24/27 MP: 0/0
   935 | D:1      | Learned a level 1 spell: Beastly Appendage
  2432 | D:2      | Reached skill level 2 in Fighting
  2432 | D:2      | Reached XP level 4. HP: 29/33 MP: 0/0
  2962 | D:3      | Noticed Jessica
  2966 | D:3      | Killed Jessica
  3441 | D:3      | Reached XP level 5. HP: 35/39 MP: 0/0
  3441 | D:3      | Learned a level 2 spell: Slow
  3494 | D:3      | Noticed Purgy
  3537 | D:3      | Killed Purgy
  3538 | D:3      | Reached skill level 3 in Fighting
  4404 | D:4      | Found a staircase to the Ecumenical Temple.
  4412 | Temple   | Entered the Ecumenical Temple
  4720 | Temple   | Became a worshipper of Makhleb the Destroyer
  4812 | D:4      | Reached XP level 6. HP: 44/46 MP: 0/0
  4923 | D:4      | Reached skill level 1 in Invocations
  5157 | D:4      | Reached skill level 5 in Spellcasting
  5565 | D:4      | Reached skill level 4 in Fighting
  5565 | D:4      | Reached XP level 7. HP: 48/52 MP: 0/0
  5565 | D:4      | Learned a level 3 spell: Gell's Gravitas
  5931 | D:4      | Identified Sif Muna's Grimoire of Beguiling and the Compass
  5978 | D:5      | Entered Level 5 of the Dungeon
  6566 | D:5      | Reached XP level 8. HP: 42/58 MP: 0/0
  6717 | D:5      | Reached skill level 5 in Fighting
  6721 | D:5      | Found Nuk Atse's Weapon Shoppe.
  6731 | D:5      | Identified the +1 dagger "Wuantusm" {vorpal, *Noise rElec
                  | rPois}
  7112 | D:5      | Reached * piety under Makhleb
  7482 | D:6      | Reached skill level 5 in Dodging
  7724 | D:6      | Reached skill level 6 in Fighting
  7839 | D:6      | Reached XP level 9. HP: 58/66 MP: 0/0
  7839 | D:6      | Learned a level 3 spell: Mephitic Cloud
  7840 | D:6      | Reached skill level 5 in Invocations
  8192 | D:6      | Found an iron altar of Okawaru.
  8193 | D:6      | Found a stormy altar of Qazlal.
  8197 | D:6      | Found a hazy altar of Hepliaklqana.
  8200 | D:6      | Found an ornate altar of the Wu Jian Council.
  8200 | D:6      | Found a bloodstained altar of Trog.
  8200 | D:6      | Found a glowing silver altar of Zin.
  8201 | D:6      | Found a hide-covered altar of Uskayaw.
  8202 | D:6      | Found a glowing golden altar of the Shining One.
  8573 | D:7      | Identified the +5 leather armour of the Valley of Death
                  | {Fly rElec rPois Regen+}
  8715 | D:7      | Found a shimmering altar of Xom.
  9095 | D:7      | Reached skill level 7 in Fighting
  9277 | D:7      | Noticed Edmund
  9284 | D:7      | Reached XP level 10. HP: 69/75 MP: 0/0
  9285 | D:7      | Killed Edmund
  9286 | D:7      | Reached ** piety under Makhleb
  9287 | D:7      | Reached skill level 8 in Fighting
  9524 | D:7      | Found an opulent altar of Gozag.
  9939 | D:8      | Noticed Grum
  9948 | D:8      | Killed Grum
  9973 | D:8      | Reached skill level 9 in Fighting
 10223 | D:8      | Noticed a two-headed ogre
 10241 | D:8      | Killed a two-headed ogre
 10242 | D:8      | Reached XP level 11. HP: 84/84 MP: 0/0
 10242 | D:8      | Learned a level 4 spell: Summon Ice Beast
 10280 | D:8      | Noticed Pikel
 10287 | D:8      | Killed Pikel
 10637 | D:8      | Reached *** piety under Makhleb
 10889 | D:9      | Found a shadowy altar of Dithmenos.
 10894 | D:9      | You are sucked into a shaft and drop 2 floors!
 10961 | D:10     | Entered Level 10 of the Dungeon
 10967 | D:10     | Identified the +7 short sword "Laith" {antimagic, Str+6
                  | Int-2 Dex-3 Stlth+}
 11141 | D:9      | Noticed a two-headed ogre
 11162 | D:9      | Killed a two-headed ogre
 11163 | D:9      | Reached skill level 1 in Armour
 11214 | D:9      | Reached skill level 10 in Fighting
 11223 | D:9      | Reached **** piety under Makhleb
 11358 | D:9      | Noticed a two-headed ogre
 11381 | D:9      | Killed a two-headed ogre
 11470 | D:9      | Noticed a two-headed ogre
 11481 | D:9      | Killed a two-headed ogre
 11491 | D:9      | Reached skill level 1 in Shields
 11684 | D:9      | Reached XP level 12. HP: 92/92 MP: 0/0
 11763 | D:9      | Found a staircase to the Lair.
 11765 | D:9      | Found a staircase to the Orcish Mines.
 11828 | D:9      | Found a sparkling altar of Nemelex Xobeh.
 11867 | D:9      | Reached skill level 10 in Invocations
 12057 | Lair:1   | Entered Level 1 of the Lair of Beasts
 12058 | Lair:1   | Identified a scroll of acquirement
 12058 | Lair:1   | Acquired a manual of Evocations
 12163 | Lair:1   | Found a snail-covered altar of Cheibriados.
 12179 | Lair:1   | Reached ***** piety under Makhleb
 12181 | Lair:1   | Reached skill level 10 in Spellcasting
 12205 | Lair:1   | Reached skill level 11 in Fighting
 12522 | Lair:1   | Noticed a seven-headed hydra
 12533 | Lair:1   | Killed a seven-headed hydra
 12578 | Lair:1   | Found a glowing golden altar of the Shining One.
 13035 | Lair:1   | Noticed a four-headed hydra
 13046 | Lair:1   | Killed a four-headed hydra
 13508 | Lair:2   | Noticed Urug
 13516 | Lair:2   | Killed Urug
 13517 | Lair:2   | Reached XP level 13. HP: 90/100 MP: 0/0
 13517 | Lair:2   | Learned a level 5 spell: Agony
 14531 | Lair:3   | Reached skill level 1 in Evocations
 14550 | Lair:3   | Reached skill level 12 in Fighting
 14619 | Lair:3   | Reached ****** piety under Makhleb
 14744 | Lair:3   | Reached skill level 5 in Evocations
 15610 | Lair:4   | Reached XP level 14. HP: 108/108 MP: 0/0
 15794 | Lair:4   | Found a staircase to the Snake Pit.
 15868 | Lair:4   | Reached skill level 13 in Fighting
 15970 | Lair:4   | Found a staircase to the Swamp.
 16447 | Lair:5   | Found a viscous altar of Jiyva.
 16447 | Lair:5   | Found a staircase to the Slime Pits.
 17013 | Lair:6   | Entered Level 6 of the Lair of Beasts
 17325 | Lair:6   | Reached skill level 10 in Evocations
 17612 | Lair:6   | Reached XP level 15. HP: 115/115 MP: 0/0
 17612 | Lair:6   | Learned a level 6 spell: Iron Shot
 18206 | Orc:1    | Entered Level 1 of the Orcish Mines
 18325 | Orc:2    | Entered Level 2 of the Orcish Mines
 18366 | Orc:2    | Noticed Saint Roka
 18483 | Orc:2    | Killed Saint Roka
 18484 | Orc:2    | Reached skill level 14 in Fighting
 18568 | Orc:2    | Found a staircase to the Elven Halls.
 18718 | Orc:2    | Noticed an orc warlord
 18736 | Orc:2    | Killed an orc warlord
 18829 | Orc:2    | Found Uskoe's Magic Scroll Boutique.
 18829 | Orc:2    | Found Icaatt's Distillery.
 18829 | Orc:2    | Found Golyrel's General Store.
 18834 | Orc:2    | Found Pexaubb's Weapon Boutique.
 19353 | Orc:1    | You are sucked into a shaft and drop 1 floor!
 19667 | Orc:2    | Bought a potion of curing for 48 gold pieces
 19667 | Orc:2    | Bought a potion of mutation for 128 gold pieces
 19667 | Orc:2    | Bought a potion of curing for 48 gold pieces
 19667 | Orc:2    | Bought a potion of haste for 160 gold pieces
 19667 | Orc:2    | Bought a potion of heal wounds for 80 gold pieces
 19667 | Orc:2    | Bought a potion of haste for 160 gold pieces
 19779 | D:10     | Noticed Nergalle
 19785 | D:10     | Killed Nergalle
 19859 | D:10     | Noticed Erica
 19862 | D:10     | Killed Erica
 20030 | D:10     | Found a sacrificial altar of Ru.
 20921 | D:12     | HP: 5/118 [freezing wraith[a death knight] (24)]
 20921 | D:12     | Slain by a freezing wraith

Illustrated notes

Levels and vault maps discovered:
D:1:      elethiomel_arrival_quiet, layout_basic,
          chequers_ecumenical_altar_simple_redux, chequers_serial_rivers_small_b
D:2:      layout_basic
D:3:      minmay_wonky_spiral, layout_rooms, uniq_jessica, uniq_purgy
D:4:      layout_basic, minmay_temple_entry_glassed_door
D:5:      layout_basic, serial_shops, nicolae_shop_window_shopping
D:6:      layout_cave_pools, minitemple, minmay_crystal_water
D:7:      erik_cavepeople, layout_cave_pods, nicolae_gozag_seed_capital,
          xom_butterflies, serial_column_ruins, column_ruins_hut_ruined,
          column_ruins_grid_3, column_ruins_columns_straight,
          column_ruins_corridor_T, column_ruins_open_medium,
          column_ruins_corridor_corner, column_ruins_open_medium,
          nrook_mini_backslash
D:8:      wander_river, layout_gridville, minivault_23, uniq_grum, uniq_pikel
D:9:      layout_basic, nemelex_spade_bored_becter,
          nicolae_dithmenos_the_darkroom, lair_entry_dummy, orc_0_dummy,
          onia_ninara_cookie
D:10:     layout_basic, nicolae_ru_the_path_less_chosen, uniq_erica,
          uniq_nergalle
D:11:     layout_rooms
D:12:     wad_woods_settlement, layout_basic
Temple:   compressed_dpeg_triangle_lava_temple
Lair:1:   minmay_lair_venomous_thicket, layout_gridlike, basic_altar,
          serial_bayou_pond_d, lemuel_oklob_altar, lemuel_fruit_tree,
          serial_bayou_shore_b
Lair:2:   layout_cave_pods, grunt_forest_large_clearing_hut, uniq_urug
Lair:3:   layout_roguey, minmay_holes, serial_bayou_pond_b,
          nicolae_quartered_pool_medium
Lair:4:   layout_roguey, minmay_swamp_entry_swarm, dummy_snake_entry,
          wad_woods_river_03
Lair:5:   layout_loops_ring, slime_altar_1, lemuel_old_faithful
Lair:6:   evilmike_catoblepas_cave, layout_gridlike, infiniplex_staircase_pool,
          serial_bayou_shore_b, lemuel_fruit_fields
Orc:1:    layout_diamond_mine
Orc:2:    st_orc_mages, layout_caves, uniq_saint_roka

Skill      XL: |  1  2  3  4  5  6  7  8  9 10 11 12 13 14 15 |
---------------+----------------------------------------------+-----
Fighting       | 1 2 3 4 6 7 9 10 11 12 13 14 | 14.5
Spellcasting   | 4 5 6 7 8 9 10 11 12 | 12.9
Dodging        | 3 4 5 6 7 8 |  8.1
Invocations    | 1 3 4 6 8 9 11 12 13 | 13.2
Armour         | 2 3 |  3.0
Shields        | 1 3 4 |  4.0
Evocations     | 6 10 12 | 12.3
Stealth        | |  1.5

Action                   |  1- 3 |  4- 6 |  7- 9 | 10-12 | 13-15 || total
-------------------------+-------+-------+-------+-------+-------++-------
Melee: Spear             |    19 |    26 |       |       |       ||    45
       Dagger            |       |       |     4 |       |       ||     4
       Staff             |       |       |       |     1 |     5 ||     6
 Cast: Magic Dart        |    74 |    39 |    30 |    47 |     8 ||   198
       Searing Ray       |     6 |    24 |    50 |   101 |   101 ||   282
       Slow              |       |     3 |     3 |     3 |       ||     9
       Fulminant Prism   |       |       |     8 |    54 |    73 ||   135
       Gell's Gravitas   |       |       |     5 |    23 |     8 ||    36
       Mephitic Cloud    |       |       |     2 |    23 |     9 ||    34
       Dazzling Flash    |       |       |     1 |     8 |    12 ||    21
       Iskenderun's Myst |       |       |       |    18 |    70 ||    88
       Agony             |       |       |       |       |     1 ||     1
       Iron Shot         |       |       |       |       |   146 ||   146
       Beastly Appendage |       |       |       |       |     2 ||     2
       Summon Ice Beast  |       |       |       |       |     1 ||     1
Invok: Major Destruction |       |       |       |       |     1 ||     1
       Greater Servant o |       |       |       |       |     1 ||     1
  Use: Scroll            |       |       |    21 |     6 |     7 ||    34
       Potion            |       |       |       |       |     1 ||     1
 Stab: Sleeping          |     1 |       |       |       |       ||     1
Armor: Robe              |     1 |       |       |       |       ||     1
       Leather armour    |    11 |     9 |    37 |    54 |   106 ||   217
Dodge: Dodged            |    26 |    27 |    49 |    80 |   165 ||   347
Block: Other             |       |     1 |       |       |       ||     1
       Buckler           |       |       |       |       |    67 ||    67

Table legend: (Time is in decaauts)
 A = Elapsed time spent in this place.
 B = Non-inter-level travel time spent in this place.
 C = Inter-level travel time spent in this place.
 D = Time resting spent in this place.
 E = Time spent auto-exploring this place.
 F = Levels seen in this place.
 G = Mean time per level.
                   A        B        C        D        E       F      G
               +--------+--------+--------+--------+--------+-----+--------+
         Total |  20987 |  19148 |   1839 |   1933 |  13060 |  21 |  999.4 |
       Dungeon |  13012 |  11925 |   1087 |   1509 |   8129 |  12 | 1084.3 |
        Temple |    319 |    296 |     23 |      0 |    294 |   1 |  319.0 |
          Lair |   6156 |   5612 |    544 |    333 |   3907 |   6 | 1026.0 |
  Orcish Mines |   1499 |   1315 |    184 |     91 |    730 |   2 |  749.5 |
               +--------+--------+--------+--------+--------+-----+--------+

Top non-repeatable levels by time:
     D:1: 1660 daAuts
     D:5: 1633 daAuts
     D:4: 1501 daAuts
     D:2: 1448 daAuts
  Lair:1: 1250 daAuts
  Lair:2: 1214 daAuts
     D:7: 1166 daAuts
     D:3: 1057 daAuts
  Lair:6: 1052 daAuts
  Lair:4: 1044 daAuts
     D:8: 1038 daAuts
     D:9: 1021 daAuts
     D:6: 1021 daAuts
   Orc:2: 967 daAuts
  Lair:3: 906 daAuts
